%YAML 1.1
%TAG !u! tag:unity3d.com,2011:
--- !u!1 &4987725845947032860
GameObject:
  m_ObjectHideFlags: 0
  m_CorrespondingSourceObject: {fileID: 0}
  m_PrefabInstance: {fileID: 0}
  m_PrefabAsset: {fileID: 0}
  serializedVersion: 6
  m_Component:
  - component: {fileID: 4987725845947032861}
  m_Layer: 0
  m_Name: Makeshift Structure 2
  m_TagString: Untagged
  m_Icon: {fileID: 0}
  m_NavMeshLayer: 1
  m_StaticEditorFlags: 2147483647
  m_IsActive: 1
--- !u!4 &4987725845947032861
Transform:
  m_ObjectHideFlags: 0
  m_CorrespondingSourceObject: {fileID: 0}
  m_PrefabInstance: {fileID: 0}
  m_PrefabAsset: {fileID: 0}
  m_GameObject: {fileID: 4987725845947032860}
  m_LocalRotation: {x: 0, y: 0, z: 0, w: 1}
  m_LocalPosition: {x: 31.66, y: 0, z: 40.04}
  m_LocalScale: {x: 1, y: 1, z: 1}
  m_ConstrainProportionsScale: 0
  m_Children:
  - {fileID: 4987725846708985020}
  - {fileID: 4987725847200403234}
  - {fileID: 4987725845840502664}
  - {fileID: 4987725847249308679}
  - {fileID: 4987725845994361283}
  - {fileID: 6166897765587103608}
  - {fileID: 4987725846615661689}
  - {fileID: 4987725846946253135}
  - {fileID: 5525082928939260994}
  - {fileID: 4987725846634504188}
  - {fileID: 4987725845699867157}
  - {fileID: 4987725845779713552}
  - {fileID: 2161070278077082663}
  - {fileID: 6270234527965540316}
  - {fileID: 4987725847340527793}
  - {fileID: 4987725846224449284}
  - {fileID: 4987725847192126762}
  - {fileID: 4987725847095444553}
  m_Father: {fileID: 0}
  m_RootOrder: 0
  m_LocalEulerAnglesHint: {x: 0, y: 0, z: 0}
--- !u!1001 &4987725845700195035
PrefabInstance:
  m_ObjectHideFlags: 0
  serializedVersion: 2
  m_Modification:
    m_TransformParent: {fileID: 4987725845947032861}
    m_Modifications:
    - target: {fileID: 143656, guid: 1a45f99f39f80e246b10307b686be468, type: 3}
      propertyPath: m_Name
      value: bookOpen01
      objectReference: {fileID: 0}
    - target: {fileID: 143656, guid: 1a45f99f39f80e246b10307b686be468, type: 3}
      propertyPath: m_StaticEditorFlags
      value: 2147483647
      objectReference: {fileID: 0}
    - target: {fileID: 458958, guid: 1a45f99f39f80e246b10307b686be468, type: 3}
      propertyPath: m_RootOrder
      value: 10
      objectReference: {fileID: 0}
    - target: {fileID: 458958, guid: 1a45f99f39f80e246b10307b686be468, type: 3}
      propertyPath: m_LocalPosition.x
      value: -0.78658104
      objectReference: {fileID: 0}
    - target: {fileID: 458958, guid: 1a45f99f39f80e246b10307b686be468, type: 3}
      propertyPath: m_LocalPosition.y
      value: 0.9004972
      objectReference: {fileID: 0}
    - target: {fileID: 458958, guid: 1a45f99f39f80e246b10307b686be468, type: 3}
      propertyPath: m_LocalPosition.z
      value: -0.66983795
      objectReference: {fileID: 0}
    - target: {fileID: 458958, guid: 1a45f99f39f80e246b10307b686be468, type: 3}
      propertyPath: m_LocalRotation.w
      value: 1
      objectReference: {fileID: 0}
    - target: {fileID: 458958, guid: 1a45f99f39f80e246b10307b686be468, type: 3}
      propertyPath: m_LocalRotation.x
      value: 0.000000021855694
      objectReference: {fileID: 0}
    - target: {fileID: 458958, guid: 1a45f99f39f80e246b10307b686be468, type: 3}
      propertyPath: m_LocalRotation.y
      value: -0
      objectReference: {fileID: 0}
    - target: {fileID: 458958, guid: 1a45f99f39f80e246b10307b686be468, type: 3}
      propertyPath: m_LocalRotation.z
      value: -0
      objectReference: {fileID: 0}
    - target: {fileID: 458958, guid: 1a45f99f39f80e246b10307b686be468, type: 3}
      propertyPath: m_LocalEulerAnglesHint.x
      value: 0
      objectReference: {fileID: 0}
    - target: {fileID: 458958, guid: 1a45f99f39f80e246b10307b686be468, type: 3}
      propertyPath: m_LocalEulerAnglesHint.y
      value: 0
      objectReference: {fileID: 0}
    - target: {fileID: 458958, guid: 1a45f99f39f80e246b10307b686be468, type: 3}
      propertyPath: m_LocalEulerAnglesHint.z
      value: 0
      objectReference: {fileID: 0}
    m_RemovedComponents: []
  m_SourcePrefab: {fileID: 100100000, guid: 1a45f99f39f80e246b10307b686be468, type: 3}
--- !u!4 &4987725845699867157 stripped
Transform:
  m_CorrespondingSourceObject: {fileID: 458958, guid: 1a45f99f39f80e246b10307b686be468, type: 3}
  m_PrefabInstance: {fileID: 4987725845700195035}
  m_PrefabAsset: {fileID: 0}
--- !u!1001 &4987725845779659870
PrefabInstance:
  m_ObjectHideFlags: 0
  serializedVersion: 2
  m_Modification:
    m_TransformParent: {fileID: 4987725845947032861}
    m_Modifications:
    - target: {fileID: 116472, guid: 1ba8610b730cb484fa0a1a5c99dd8f61, type: 3}
      propertyPath: m_Name
      value: chair02
      objectReference: {fileID: 0}
    - target: {fileID: 116472, guid: 1ba8610b730cb484fa0a1a5c99dd8f61, type: 3}
      propertyPath: m_StaticEditorFlags
      value: 2147483647
      objectReference: {fileID: 0}
    - target: {fileID: 471630, guid: 1ba8610b730cb484fa0a1a5c99dd8f61, type: 3}
      propertyPath: m_RootOrder
      value: 11
      objectReference: {fileID: 0}
    - target: {fileID: 471630, guid: 1ba8610b730cb484fa0a1a5c99dd8f61, type: 3}
      propertyPath: m_LocalPosition.x
      value: -0.20700073
      objectReference: {fileID: 0}
    - target: {fileID: 471630, guid: 1ba8610b730cb484fa0a1a5c99dd8f61, type: 3}
      propertyPath: m_LocalPosition.y
      value: 0
      objectReference: {fileID: 0}
    - target: {fileID: 471630, guid: 1ba8610b730cb484fa0a1a5c99dd8f61, type: 3}
      propertyPath: m_LocalPosition.z
      value: -0.79299927
      objectReference: {fileID: 0}
    - target: {fileID: 471630, guid: 1ba8610b730cb484fa0a1a5c99dd8f61, type: 3}
      propertyPath: m_LocalRotation.w
      value: -0.3489373
      objectReference: {fileID: 0}
    - target: {fileID: 471630, guid: 1ba8610b730cb484fa0a1a5c99dd8f61, type: 3}
      propertyPath: m_LocalRotation.x
      value: -0.000000007626264
      objectReference: {fileID: 0}
    - target: {fileID: 471630, guid: 1ba8610b730cb484fa0a1a5c99dd8f61, type: 3}
      propertyPath: m_LocalRotation.y
      value: 0.9371461
      objectReference: {fileID: 0}
    - target: {fileID: 471630, guid: 1ba8610b730cb484fa0a1a5c99dd8f61, type: 3}
      propertyPath: m_LocalRotation.z
      value: -0.000000020481984
      objectReference: {fileID: 0}
    - target: {fileID: 471630, guid: 1ba8610b730cb484fa0a1a5c99dd8f61, type: 3}
      propertyPath: m_LocalEulerAnglesHint.x
      value: 0
      objectReference: {fileID: 0}
    - target: {fileID: 471630, guid: 1ba8610b730cb484fa0a1a5c99dd8f61, type: 3}
      propertyPath: m_LocalEulerAnglesHint.y
      value: 220.84499
      objectReference: {fileID: 0}
    - target: {fileID: 471630, guid: 1ba8610b730cb484fa0a1a5c99dd8f61, type: 3}
      propertyPath: m_LocalEulerAnglesHint.z
      value: 0
      objectReference: {fileID: 0}
    m_RemovedComponents: []
  m_SourcePrefab: {fileID: 100100000, guid: 1ba8610b730cb484fa0a1a5c99dd8f61, type: 3}
--- !u!4 &4987725845779713552 stripped
Transform:
  m_CorrespondingSourceObject: {fileID: 471630, guid: 1ba8610b730cb484fa0a1a5c99dd8f61, type: 3}
  m_PrefabInstance: {fileID: 4987725845779659870}
  m_PrefabAsset: {fileID: 0}
--- !u!1001 &4987725845784175392
PrefabInstance:
  m_ObjectHideFlags: 0
  serializedVersion: 2
  m_Modification:
    m_TransformParent: {fileID: 4987725845947032861}
    m_Modifications:
    - target: {fileID: 692146545196819264, guid: fb0fe1c489207644694cbdc0e8e2ba7b, type: 3}
      propertyPath: m_StaticEditorFlags
      value: 2147483647
      objectReference: {fileID: 0}
    - target: {fileID: 692146545196819266, guid: fb0fe1c489207644694cbdc0e8e2ba7b, type: 3}
      propertyPath: m_Name
      value: ITEM_toolbox
      objectReference: {fileID: 0}
    - target: {fileID: 692146545196819266, guid: fb0fe1c489207644694cbdc0e8e2ba7b, type: 3}
      propertyPath: m_StaticEditorFlags
      value: 2147483647
      objectReference: {fileID: 0}
    - target: {fileID: 692146545196819270, guid: fb0fe1c489207644694cbdc0e8e2ba7b, type: 3}
      propertyPath: m_StaticEditorFlags
      value: 2147483647
      objectReference: {fileID: 0}
    - target: {fileID: 692146545197317986, guid: fb0fe1c489207644694cbdc0e8e2ba7b, type: 3}
      propertyPath: m_RootOrder
      value: 8
      objectReference: {fileID: 0}
    - target: {fileID: 692146545197317986, guid: fb0fe1c489207644694cbdc0e8e2ba7b, type: 3}
      propertyPath: m_LocalPosition.x
      value: -1.0929737
      objectReference: {fileID: 0}
    - target: {fileID: 692146545197317986, guid: fb0fe1c489207644694cbdc0e8e2ba7b, type: 3}
      propertyPath: m_LocalPosition.y
      value: 0.9004972
      objectReference: {fileID: 0}
    - target: {fileID: 692146545197317986, guid: fb0fe1c489207644694cbdc0e8e2ba7b, type: 3}
      propertyPath: m_LocalPosition.z
      value: -0.04008484
      objectReference: {fileID: 0}
    - target: {fileID: 692146545197317986, guid: fb0fe1c489207644694cbdc0e8e2ba7b, type: 3}
      propertyPath: m_LocalRotation.w
      value: 0.9389349
      objectReference: {fileID: 0}
    - target: {fileID: 692146545197317986, guid: fb0fe1c489207644694cbdc0e8e2ba7b, type: 3}
      propertyPath: m_LocalRotation.x
      value: 0.00000002052107
      objectReference: {fileID: 0}
    - target: {fileID: 692146545197317986, guid: fb0fe1c489207644694cbdc0e8e2ba7b, type: 3}
      propertyPath: m_LocalRotation.y
      value: 0.344095
      objectReference: {fileID: 0}
    - target: {fileID: 692146545197317986, guid: fb0fe1c489207644694cbdc0e8e2ba7b, type: 3}
      propertyPath: m_LocalRotation.z
      value: -0.000000007520434
      objectReference: {fileID: 0}
    - target: {fileID: 692146545197317986, guid: fb0fe1c489207644694cbdc0e8e2ba7b, type: 3}
      propertyPath: m_LocalEulerAnglesHint.x
      value: 0
      objectReference: {fileID: 0}
    - target: {fileID: 692146545197317986, guid: fb0fe1c489207644694cbdc0e8e2ba7b, type: 3}
      propertyPath: m_LocalEulerAnglesHint.y
      value: 40.253002
      objectReference: {fileID: 0}
    - target: {fileID: 692146545197317986, guid: fb0fe1c489207644694cbdc0e8e2ba7b, type: 3}
      propertyPath: m_LocalEulerAnglesHint.z
      value: 0
      objectReference: {fileID: 0}
    m_RemovedComponents: []
  m_SourcePrefab: {fileID: 100100000, guid: fb0fe1c489207644694cbdc0e8e2ba7b, type: 3}
--- !u!4 &5525082928939260994 stripped
Transform:
  m_CorrespondingSourceObject: {fileID: 692146545197317986, guid: fb0fe1c489207644694cbdc0e8e2ba7b, type: 3}
  m_PrefabInstance: {fileID: 4987725845784175392}
  m_PrefabAsset: {fileID: 0}
--- !u!1001 &4987725845840601436
PrefabInstance:
  m_ObjectHideFlags: 0
  serializedVersion: 2
  m_Modification:
    m_TransformParent: {fileID: 4987725845947032861}
    m_Modifications:
    - target: {fileID: 126646, guid: b7651918446ae4540a2eeeeefe76db06, type: 3}
      propertyPath: m_Name
      value: ivy_vertical06
      objectReference: {fileID: 0}
    - target: {fileID: 442068, guid: b7651918446ae4540a2eeeeefe76db06, type: 3}
      propertyPath: m_RootOrder
      value: 2
      objectReference: {fileID: 0}
    - target: {fileID: 442068, guid: b7651918446ae4540a2eeeeefe76db06, type: 3}
      propertyPath: m_LocalPosition.x
      value: 2.2009983
      objectReference: {fileID: 0}
    - target: {fileID: 442068, guid: b7651918446ae4540a2eeeeefe76db06, type: 3}
      propertyPath: m_LocalPosition.y
      value: 2.8266335
      objectReference: {fileID: 0}
    - target: {fileID: 442068, guid: b7651918446ae4540a2eeeeefe76db06, type: 3}
      propertyPath: m_LocalPosition.z
      value: -0.20899963
      objectReference: {fileID: 0}
    - target: {fileID: 442068, guid: b7651918446ae4540a2eeeeefe76db06, type: 3}
      propertyPath: m_LocalRotation.w
      value: 1
      objectReference: {fileID: 0}
    - target: {fileID: 442068, guid: b7651918446ae4540a2eeeeefe76db06, type: 3}
      propertyPath: m_LocalRotation.x
      value: 0.000000021855694
      objectReference: {fileID: 0}
    - target: {fileID: 442068, guid: b7651918446ae4540a2eeeeefe76db06, type: 3}
      propertyPath: m_LocalRotation.y
      value: -0
      objectReference: {fileID: 0}
    - target: {fileID: 442068, guid: b7651918446ae4540a2eeeeefe76db06, type: 3}
      propertyPath: m_LocalRotation.z
      value: -0
      objectReference: {fileID: 0}
    - target: {fileID: 442068, guid: b7651918446ae4540a2eeeeefe76db06, type: 3}
      propertyPath: m_LocalEulerAnglesHint.x
      value: 0
      objectReference: {fileID: 0}
    - target: {fileID: 442068, guid: b7651918446ae4540a2eeeeefe76db06, type: 3}
      propertyPath: m_LocalEulerAnglesHint.y
      value: 0
      objectReference: {fileID: 0}
    - target: {fileID: 442068, guid: b7651918446ae4540a2eeeeefe76db06, type: 3}
      propertyPath: m_LocalEulerAnglesHint.z
      value: 0
      objectReference: {fileID: 0}
    m_RemovedComponents: []
  m_SourcePrefab: {fileID: 100100000, guid: b7651918446ae4540a2eeeeefe76db06, type: 3}
--- !u!4 &4987725845840502664 stripped
Transform:
  m_CorrespondingSourceObject: {fileID: 442068, guid: b7651918446ae4540a2eeeeefe76db06, type: 3}
  m_PrefabInstance: {fileID: 4987725845840601436}
  m_PrefabAsset: {fileID: 0}
--- !u!1001 &4987725845993997373
PrefabInstance:
  m_ObjectHideFlags: 0
  serializedVersion: 2
  m_Modification:
    m_TransformParent: {fileID: 4987725845947032861}
    m_Modifications:
    - target: {fileID: 182638, guid: df0d484b95e2281488dae8b0b9ae45e9, type: 3}
      propertyPath: m_Name
      value: fern
      objectReference: {fileID: 0}
    - target: {fileID: 431614, guid: df0d484b95e2281488dae8b0b9ae45e9, type: 3}
      propertyPath: m_RootOrder
      value: 4
      objectReference: {fileID: 0}
    - target: {fileID: 431614, guid: df0d484b95e2281488dae8b0b9ae45e9, type: 3}
      propertyPath: m_LocalPosition.x
      value: 2.407381
      objectReference: {fileID: 0}
    - target: {fileID: 431614, guid: df0d484b95e2281488dae8b0b9ae45e9, type: 3}
      propertyPath: m_LocalPosition.y
      value: 0
      objectReference: {fileID: 0}
    - target: {fileID: 431614, guid: df0d484b95e2281488dae8b0b9ae45e9, type: 3}
      propertyPath: m_LocalPosition.z
      value: -2.7930183
      objectReference: {fileID: 0}
    - target: {fileID: 431614, guid: df0d484b95e2281488dae8b0b9ae45e9, type: 3}
      propertyPath: m_LocalRotation.w
      value: 1
      objectReference: {fileID: 0}
    - target: {fileID: 431614, guid: df0d484b95e2281488dae8b0b9ae45e9, type: 3}
      propertyPath: m_LocalRotation.x
      value: -0
      objectReference: {fileID: 0}
    - target: {fileID: 431614, guid: df0d484b95e2281488dae8b0b9ae45e9, type: 3}
      propertyPath: m_LocalRotation.y
      value: -0
      objectReference: {fileID: 0}
    - target: {fileID: 431614, guid: df0d484b95e2281488dae8b0b9ae45e9, type: 3}
      propertyPath: m_LocalRotation.z
      value: -0
      objectReference: {fileID: 0}
    - target: {fileID: 431614, guid: df0d484b95e2281488dae8b0b9ae45e9, type: 3}
      propertyPath: m_LocalEulerAnglesHint.x
      value: 0
      objectReference: {fileID: 0}
    - target: {fileID: 431614, guid: df0d484b95e2281488dae8b0b9ae45e9, type: 3}
      propertyPath: m_LocalEulerAnglesHint.y
      value: 0
      objectReference: {fileID: 0}
    - target: {fileID: 431614, guid: df0d484b95e2281488dae8b0b9ae45e9, type: 3}
      propertyPath: m_LocalEulerAnglesHint.z
      value: 0
      objectReference: {fileID: 0}
    m_RemovedComponents: []
  m_SourcePrefab: {fileID: 100100000, guid: df0d484b95e2281488dae8b0b9ae45e9, type: 3}
--- !u!4 &4987725845994361283 stripped
Transform:
  m_CorrespondingSourceObject: {fileID: 431614, guid: df0d484b95e2281488dae8b0b9ae45e9, type: 3}
  m_PrefabInstance: {fileID: 4987725845993997373}
  m_PrefabAsset: {fileID: 0}
--- !u!1001 &4987725846118452474
PrefabInstance:
  m_ObjectHideFlags: 0
  serializedVersion: 2
  m_Modification:
    m_TransformParent: {fileID: 4987725845947032861}
    m_Modifications:
    - target: {fileID: 1311584529121190694, guid: e5da25f0cf6453f44b3a988e300eca1f, type: 3}
      propertyPath: m_RootOrder
      value: 13
      objectReference: {fileID: 0}
    - target: {fileID: 1311584529121190694, guid: e5da25f0cf6453f44b3a988e300eca1f, type: 3}
      propertyPath: m_LocalPosition.x
      value: 0.29549217
      objectReference: {fileID: 0}
    - target: {fileID: 1311584529121190694, guid: e5da25f0cf6453f44b3a988e300eca1f, type: 3}
      propertyPath: m_LocalPosition.y
      value: 0
      objectReference: {fileID: 0}
    - target: {fileID: 1311584529121190694, guid: e5da25f0cf6453f44b3a988e300eca1f, type: 3}
      propertyPath: m_LocalPosition.z
      value: -0.14562607
      objectReference: {fileID: 0}
    - target: {fileID: 1311584529121190694, guid: e5da25f0cf6453f44b3a988e300eca1f, type: 3}
      propertyPath: m_LocalRotation.w
      value: 1
      objectReference: {fileID: 0}
    - target: {fileID: 1311584529121190694, guid: e5da25f0cf6453f44b3a988e300eca1f, type: 3}
      propertyPath: m_LocalRotation.x
      value: 0.000000021855694
      objectReference: {fileID: 0}
    - target: {fileID: 1311584529121190694, guid: e5da25f0cf6453f44b3a988e300eca1f, type: 3}
      propertyPath: m_LocalRotation.y
      value: -0
      objectReference: {fileID: 0}
    - target: {fileID: 1311584529121190694, guid: e5da25f0cf6453f44b3a988e300eca1f, type: 3}
      propertyPath: m_LocalRotation.z
      value: -0
      objectReference: {fileID: 0}
    - target: {fileID: 1311584529121190694, guid: e5da25f0cf6453f44b3a988e300eca1f, type: 3}
      propertyPath: m_LocalEulerAnglesHint.x
      value: 0
      objectReference: {fileID: 0}
    - target: {fileID: 1311584529121190694, guid: e5da25f0cf6453f44b3a988e300eca1f, type: 3}
      propertyPath: m_LocalEulerAnglesHint.y
      value: 0
      objectReference: {fileID: 0}
    - target: {fileID: 1311584529121190694, guid: e5da25f0cf6453f44b3a988e300eca1f, type: 3}
      propertyPath: m_LocalEulerAnglesHint.z
      value: 0
      objectReference: {fileID: 0}
    - target: {fileID: 5465088246518835161, guid: e5da25f0cf6453f44b3a988e300eca1f, type: 3}
      propertyPath: m_Name
      value: shade02_green
      objectReference: {fileID: 0}
    - target: {fileID: 5465088246518835161, guid: e5da25f0cf6453f44b3a988e300eca1f, type: 3}
      propertyPath: m_StaticEditorFlags
      value: 2147483647
      objectReference: {fileID: 0}
    - target: {fileID: 6023631831312729859, guid: e5da25f0cf6453f44b3a988e300eca1f, type: 3}
      propertyPath: m_StaticEditorFlags
      value: 2147483647
      objectReference: {fileID: 0}
    m_RemovedComponents: []
  m_SourcePrefab: {fileID: 100100000, guid: e5da25f0cf6453f44b3a988e300eca1f, type: 3}
--- !u!4 &6270234527965540316 stripped
Transform:
  m_CorrespondingSourceObject: {fileID: 1311584529121190694, guid: e5da25f0cf6453f44b3a988e300eca1f, type: 3}
  m_PrefabInstance: {fileID: 4987725846118452474}
  m_PrefabAsset: {fileID: 0}
--- !u!1001 &4987725846224091898
PrefabInstance:
  m_ObjectHideFlags: 0
  serializedVersion: 2
  m_Modification:
    m_TransformParent: {fileID: 4987725845947032861}
    m_Modifications:
    - target: {fileID: 182638, guid: df0d484b95e2281488dae8b0b9ae45e9, type: 3}
      propertyPath: m_Name
      value: fern (1)
      objectReference: {fileID: 0}
    - target: {fileID: 431614, guid: df0d484b95e2281488dae8b0b9ae45e9, type: 3}
      propertyPath: m_RootOrder
      value: 15
      objectReference: {fileID: 0}
    - target: {fileID: 431614, guid: df0d484b95e2281488dae8b0b9ae45e9, type: 3}
      propertyPath: m_LocalPosition.x
      value: -1.5310001
      objectReference: {fileID: 0}
    - target: {fileID: 431614, guid: df0d484b95e2281488dae8b0b9ae45e9, type: 3}
      propertyPath: m_LocalPosition.y
      value: 0
      objectReference: {fileID: 0}
    - target: {fileID: 431614, guid: df0d484b95e2281488dae8b0b9ae45e9, type: 3}
      propertyPath: m_LocalPosition.z
      value: 2.6469994
      objectReference: {fileID: 0}
    - target: {fileID: 431614, guid: df0d484b95e2281488dae8b0b9ae45e9, type: 3}
      propertyPath: m_LocalRotation.w
      value: 0.94782346
      objectReference: {fileID: 0}
    - target: {fileID: 431614, guid: df0d484b95e2281488dae8b0b9ae45e9, type: 3}
      propertyPath: m_LocalRotation.x
      value: -0
      objectReference: {fileID: 0}
    - target: {fileID: 431614, guid: df0d484b95e2281488dae8b0b9ae45e9, type: 3}
      propertyPath: m_LocalRotation.y
      value: -0.31879583
      objectReference: {fileID: 0}
    - target: {fileID: 431614, guid: df0d484b95e2281488dae8b0b9ae45e9, type: 3}
      propertyPath: m_LocalRotation.z
      value: -0
      objectReference: {fileID: 0}
    - target: {fileID: 431614, guid: df0d484b95e2281488dae8b0b9ae45e9, type: 3}
      propertyPath: m_LocalEulerAnglesHint.x
      value: 0
      objectReference: {fileID: 0}
    - target: {fileID: 431614, guid: df0d484b95e2281488dae8b0b9ae45e9, type: 3}
      propertyPath: m_LocalEulerAnglesHint.y
      value: -37.18
      objectReference: {fileID: 0}
    - target: {fileID: 431614, guid: df0d484b95e2281488dae8b0b9ae45e9, type: 3}
      propertyPath: m_LocalEulerAnglesHint.z
      value: 0
      objectReference: {fileID: 0}
    m_RemovedComponents: []
  m_SourcePrefab: {fileID: 100100000, guid: df0d484b95e2281488dae8b0b9ae45e9, type: 3}
--- !u!4 &4987725846224449284 stripped
Transform:
  m_CorrespondingSourceObject: {fileID: 431614, guid: df0d484b95e2281488dae8b0b9ae45e9, type: 3}
  m_PrefabInstance: {fileID: 4987725846224091898}
  m_PrefabAsset: {fileID: 0}
--- !u!1001 &4987725846615240849
PrefabInstance:
  m_ObjectHideFlags: 0
  serializedVersion: 2
  m_Modification:
    m_TransformParent: {fileID: 4987725845947032861}
    m_Modifications:
    - target: {fileID: 168486, guid: c2016a86427745046acd76ecb4a51d14, type: 3}
      propertyPath: m_Name
      value: lantern
      objectReference: {fileID: 0}
    - target: {fileID: 168486, guid: c2016a86427745046acd76ecb4a51d14, type: 3}
      propertyPath: m_StaticEditorFlags
      value: 2147483647
      objectReference: {fileID: 0}
    - target: {fileID: 437480, guid: c2016a86427745046acd76ecb4a51d14, type: 3}
      propertyPath: m_RootOrder
      value: 6
      objectReference: {fileID: 0}
    - target: {fileID: 437480, guid: c2016a86427745046acd76ecb4a51d14, type: 3}
      propertyPath: m_LocalPosition.x
      value: -1.5640011
      objectReference: {fileID: 0}
    - target: {fileID: 437480, guid: c2016a86427745046acd76ecb4a51d14, type: 3}
      propertyPath: m_LocalPosition.y
      value: 2.0276332
      objectReference: {fileID: 0}
    - target: {fileID: 437480, guid: c2016a86427745046acd76ecb4a51d14, type: 3}
      propertyPath: m_LocalPosition.z
      value: -2.139
      objectReference: {fileID: 0}
    - target: {fileID: 437480, guid: c2016a86427745046acd76ecb4a51d14, type: 3}
      propertyPath: m_LocalRotation.w
      value: 0.70216346
      objectReference: {fileID: 0}
    - target: {fileID: 437480, guid: c2016a86427745046acd76ecb4a51d14, type: 3}
      propertyPath: m_LocalRotation.x
      value: -0.0834668
      objectReference: {fileID: 0}
    - target: {fileID: 437480, guid: c2016a86427745046acd76ecb4a51d14, type: 3}
      propertyPath: m_LocalRotation.y
      value: 0.70216316
      objectReference: {fileID: 0}
    - target: {fileID: 437480, guid: c2016a86427745046acd76ecb4a51d14, type: 3}
      propertyPath: m_LocalRotation.z
      value: 0.08346684
      objectReference: {fileID: 0}
    - target: {fileID: 437480, guid: c2016a86427745046acd76ecb4a51d14, type: 3}
      propertyPath: m_LocalEulerAnglesHint.x
      value: -13.558001
      objectReference: {fileID: 0}
    - target: {fileID: 437480, guid: c2016a86427745046acd76ecb4a51d14, type: 3}
      propertyPath: m_LocalEulerAnglesHint.y
      value: 90.00001
      objectReference: {fileID: 0}
    - target: {fileID: 437480, guid: c2016a86427745046acd76ecb4a51d14, type: 3}
      propertyPath: m_LocalEulerAnglesHint.z
      value: 0
      objectReference: {fileID: 0}
    m_RemovedComponents: []
  m_SourcePrefab: {fileID: 100100000, guid: c2016a86427745046acd76ecb4a51d14, type: 3}
--- !u!4 &4987725846615661689 stripped
Transform:
  m_CorrespondingSourceObject: {fileID: 437480, guid: c2016a86427745046acd76ecb4a51d14, type: 3}
  m_PrefabInstance: {fileID: 4987725846615240849}
  m_PrefabAsset: {fileID: 0}
--- !u!1001 &4987725846634043834
PrefabInstance:
  m_ObjectHideFlags: 0
  serializedVersion: 2
  m_Modification:
    m_TransformParent: {fileID: 4987725845947032861}
    m_Modifications:
    - target: {fileID: 132936, guid: d2b313b5e1c3f244d86137e5532822b9, type: 3}
      propertyPath: m_Name
      value: books03
      objectReference: {fileID: 0}
    - target: {fileID: 132936, guid: d2b313b5e1c3f244d86137e5532822b9, type: 3}
      propertyPath: m_StaticEditorFlags
      value: 2147483647
      objectReference: {fileID: 0}
    - target: {fileID: 460358, guid: d2b313b5e1c3f244d86137e5532822b9, type: 3}
      propertyPath: m_RootOrder
      value: 9
      objectReference: {fileID: 0}
    - target: {fileID: 460358, guid: d2b313b5e1c3f244d86137e5532822b9, type: 3}
      propertyPath: m_LocalPosition.x
      value: -1.1173878
      objectReference: {fileID: 0}
    - target: {fileID: 460358, guid: d2b313b5e1c3f244d86137e5532822b9, type: 3}
      propertyPath: m_LocalPosition.y
      value: 0.9004972
      objectReference: {fileID: 0}
    - target: {fileID: 460358, guid: d2b313b5e1c3f244d86137e5532822b9, type: 3}
      propertyPath: m_LocalPosition.z
      value: -1.4326248
      objectReference: {fileID: 0}
    - target: {fileID: 460358, guid: d2b313b5e1c3f244d86137e5532822b9, type: 3}
      propertyPath: m_LocalRotation.w
      value: 0.50314933
      objectReference: {fileID: 0}
    - target: {fileID: 460358, guid: d2b313b5e1c3f244d86137e5532822b9, type: 3}
      propertyPath: m_LocalRotation.x
      value: 0.000000010996671
      objectReference: {fileID: 0}
    - target: {fileID: 460358, guid: d2b313b5e1c3f244d86137e5532822b9, type: 3}
      propertyPath: m_LocalRotation.y
      value: 0.8641996
      objectReference: {fileID: 0}
    - target: {fileID: 460358, guid: d2b313b5e1c3f244d86137e5532822b9, type: 3}
      propertyPath: m_LocalRotation.z
      value: -0.000000018887688
      objectReference: {fileID: 0}
    - target: {fileID: 460358, guid: d2b313b5e1c3f244d86137e5532822b9, type: 3}
      propertyPath: m_LocalEulerAnglesHint.x
      value: 0
      objectReference: {fileID: 0}
    - target: {fileID: 460358, guid: d2b313b5e1c3f244d86137e5532822b9, type: 3}
      propertyPath: m_LocalEulerAnglesHint.y
      value: 119.58301
      objectReference: {fileID: 0}
    - target: {fileID: 460358, guid: d2b313b5e1c3f244d86137e5532822b9, type: 3}
      propertyPath: m_LocalEulerAnglesHint.z
      value: 0
      objectReference: {fileID: 0}
    m_RemovedComponents: []
  m_SourcePrefab: {fileID: 100100000, guid: d2b313b5e1c3f244d86137e5532822b9, type: 3}
--- !u!4 &4987725846634504188 stripped
Transform:
  m_CorrespondingSourceObject: {fileID: 460358, guid: d2b313b5e1c3f244d86137e5532822b9, type: 3}
  m_PrefabInstance: {fileID: 4987725846634043834}
  m_PrefabAsset: {fileID: 0}
--- !u!1001 &4987725846708567208
PrefabInstance:
  m_ObjectHideFlags: 0
  serializedVersion: 2
  m_Modification:
    m_TransformParent: {fileID: 4987725845947032861}
    m_Modifications:
    - target: {fileID: 138802, guid: 052a5d36ad49bc8448406a3e27af5d28, type: 3}
      propertyPath: m_Name
      value: tree_birch02_D
      objectReference: {fileID: 0}
    - target: {fileID: 434196, guid: 052a5d36ad49bc8448406a3e27af5d28, type: 3}
      propertyPath: m_RootOrder
      value: 0
      objectReference: {fileID: 0}
    - target: {fileID: 434196, guid: 052a5d36ad49bc8448406a3e27af5d28, type: 3}
      propertyPath: m_LocalPosition.x
      value: -1.0699997
      objectReference: {fileID: 0}
    - target: {fileID: 434196, guid: 052a5d36ad49bc8448406a3e27af5d28, type: 3}
      propertyPath: m_LocalPosition.y
      value: 0
      objectReference: {fileID: 0}
    - target: {fileID: 434196, guid: 052a5d36ad49bc8448406a3e27af5d28, type: 3}
      propertyPath: m_LocalPosition.z
      value: 2.7000008
      objectReference: {fileID: 0}
    - target: {fileID: 434196, guid: 052a5d36ad49bc8448406a3e27af5d28, type: 3}
      propertyPath: m_LocalRotation.w
      value: 0.72466266
      objectReference: {fileID: 0}
    - target: {fileID: 434196, guid: 052a5d36ad49bc8448406a3e27af5d28, type: 3}
      propertyPath: m_LocalRotation.x
      value: -0
      objectReference: {fileID: 0}
    - target: {fileID: 434196, guid: 052a5d36ad49bc8448406a3e27af5d28, type: 3}
      propertyPath: m_LocalRotation.y
      value: 0.68910384
      objectReference: {fileID: 0}
    - target: {fileID: 434196, guid: 052a5d36ad49bc8448406a3e27af5d28, type: 3}
      propertyPath: m_LocalRotation.z
      value: -0
      objectReference: {fileID: 0}
    - target: {fileID: 434196, guid: 052a5d36ad49bc8448406a3e27af5d28, type: 3}
      propertyPath: m_LocalEulerAnglesHint.x
      value: 0
      objectReference: {fileID: 0}
    - target: {fileID: 434196, guid: 052a5d36ad49bc8448406a3e27af5d28, type: 3}
      propertyPath: m_LocalEulerAnglesHint.y
      value: 87.118004
      objectReference: {fileID: 0}
    - target: {fileID: 434196, guid: 052a5d36ad49bc8448406a3e27af5d28, type: 3}
      propertyPath: m_LocalEulerAnglesHint.z
      value: 0
      objectReference: {fileID: 0}
    m_RemovedComponents: []
  m_SourcePrefab: {fileID: 100100000, guid: 052a5d36ad49bc8448406a3e27af5d28, type: 3}
--- !u!4 &4987725846708985020 stripped
Transform:
  m_CorrespondingSourceObject: {fileID: 434196, guid: 052a5d36ad49bc8448406a3e27af5d28, type: 3}
  m_PrefabInstance: {fileID: 4987725846708567208}
  m_PrefabAsset: {fileID: 0}
--- !u!1001 &4987725846857315627
PrefabInstance:
  m_ObjectHideFlags: 0
  serializedVersion: 2
  m_Modification:
    m_TransformParent: {fileID: 4987725845947032861}
    m_Modifications:
    - target: {fileID: 6398031552986547500, guid: 29fcfcceadaffda48b0422bd1f02e84c, type: 3}
      propertyPath: m_Name
      value: table07
      objectReference: {fileID: 0}
    - target: {fileID: 6398031552986547500, guid: 29fcfcceadaffda48b0422bd1f02e84c, type: 3}
      propertyPath: m_StaticEditorFlags
      value: 2147483647
      objectReference: {fileID: 0}
    - target: {fileID: 6398031552986913036, guid: 29fcfcceadaffda48b0422bd1f02e84c, type: 3}
      propertyPath: m_RootOrder
      value: 12
      objectReference: {fileID: 0}
    - target: {fileID: 6398031552986913036, guid: 29fcfcceadaffda48b0422bd1f02e84c, type: 3}
      propertyPath: m_LocalPosition.x
      value: -0.8960018
      objectReference: {fileID: 0}
    - target: {fileID: 6398031552986913036, guid: 29fcfcceadaffda48b0422bd1f02e84c, type: 3}
      propertyPath: m_LocalPosition.y
      value: 0
      objectReference: {fileID: 0}
    - target: {fileID: 6398031552986913036, guid: 29fcfcceadaffda48b0422bd1f02e84c, type: 3}
      propertyPath: m_LocalPosition.z
      value: -0.63899994
      objectReference: {fileID: 0}
    - target: {fileID: 6398031552986913036, guid: 29fcfcceadaffda48b0422bd1f02e84c, type: 3}
      propertyPath: m_LocalRotation.w
      value: 1
      objectReference: {fileID: 0}
    - target: {fileID: 6398031552986913036, guid: 29fcfcceadaffda48b0422bd1f02e84c, type: 3}
      propertyPath: m_LocalRotation.x
      value: 0.000000021855694
      objectReference: {fileID: 0}
    - target: {fileID: 6398031552986913036, guid: 29fcfcceadaffda48b0422bd1f02e84c, type: 3}
      propertyPath: m_LocalRotation.y
      value: -0
      objectReference: {fileID: 0}
    - target: {fileID: 6398031552986913036, guid: 29fcfcceadaffda48b0422bd1f02e84c, type: 3}
      propertyPath: m_LocalRotation.z
      value: -0
      objectReference: {fileID: 0}
    - target: {fileID: 6398031552986913036, guid: 29fcfcceadaffda48b0422bd1f02e84c, type: 3}
      propertyPath: m_LocalEulerAnglesHint.x
      value: 0
      objectReference: {fileID: 0}
    - target: {fileID: 6398031552986913036, guid: 29fcfcceadaffda48b0422bd1f02e84c, type: 3}
      propertyPath: m_LocalEulerAnglesHint.y
      value: 0
      objectReference: {fileID: 0}
    - target: {fileID: 6398031552986913036, guid: 29fcfcceadaffda48b0422bd1f02e84c, type: 3}
      propertyPath: m_LocalEulerAnglesHint.z
      value: 0
      objectReference: {fileID: 0}
    m_RemovedComponents: []
  m_SourcePrefab: {fileID: 100100000, guid: 29fcfcceadaffda48b0422bd1f02e84c, type: 3}
--- !u!4 &2161070278077082663 stripped
Transform:
  m_CorrespondingSourceObject: {fileID: 6398031552986913036, guid: 29fcfcceadaffda48b0422bd1f02e84c, type: 3}
  m_PrefabInstance: {fileID: 4987725846857315627}
  m_PrefabAsset: {fileID: 0}
--- !u!1001 &4987725846946201297
PrefabInstance:
  m_ObjectHideFlags: 0
  serializedVersion: 2
  m_Modification:
    m_TransformParent: {fileID: 4987725845947032861}
    m_Modifications:
    - target: {fileID: 149138, guid: 6a51bb09e4e4a7c40b22f933a921ba74, type: 3}
      propertyPath: m_Name
      value: barricade_sandbags
      objectReference: {fileID: 0}
    - target: {fileID: 149138, guid: 6a51bb09e4e4a7c40b22f933a921ba74, type: 3}
      propertyPath: m_StaticEditorFlags
      value: 2147483647
      objectReference: {fileID: 0}
    - target: {fileID: 472990, guid: 6a51bb09e4e4a7c40b22f933a921ba74, type: 3}
      propertyPath: m_RootOrder
      value: 7
      objectReference: {fileID: 0}
    - target: {fileID: 472990, guid: 6a51bb09e4e4a7c40b22f933a921ba74, type: 3}
      propertyPath: m_LocalPosition.x
      value: -0.7310009
      objectReference: {fileID: 0}
    - target: {fileID: 472990, guid: 6a51bb09e4e4a7c40b22f933a921ba74, type: 3}
      propertyPath: m_LocalPosition.y
      value: 0
      objectReference: {fileID: 0}
    - target: {fileID: 472990, guid: 6a51bb09e4e4a7c40b22f933a921ba74, type: 3}
      propertyPath: m_LocalPosition.z
      value: -2.5130005
      objectReference: {fileID: 0}
    - target: {fileID: 472990, guid: 6a51bb09e4e4a7c40b22f933a921ba74, type: 3}
      propertyPath: m_LocalRotation.w
      value: 1
      objectReference: {fileID: 0}
    - target: {fileID: 472990, guid: 6a51bb09e4e4a7c40b22f933a921ba74, type: 3}
      propertyPath: m_LocalRotation.x
      value: -0
      objectReference: {fileID: 0}
    - target: {fileID: 472990, guid: 6a51bb09e4e4a7c40b22f933a921ba74, type: 3}
      propertyPath: m_LocalRotation.y
      value: -0
      objectReference: {fileID: 0}
    - target: {fileID: 472990, guid: 6a51bb09e4e4a7c40b22f933a921ba74, type: 3}
      propertyPath: m_LocalRotation.z
      value: -0
      objectReference: {fileID: 0}
    - target: {fileID: 472990, guid: 6a51bb09e4e4a7c40b22f933a921ba74, type: 3}
      propertyPath: m_LocalEulerAnglesHint.x
      value: 0
      objectReference: {fileID: 0}
    - target: {fileID: 472990, guid: 6a51bb09e4e4a7c40b22f933a921ba74, type: 3}
      propertyPath: m_LocalEulerAnglesHint.y
      value: 0
      objectReference: {fileID: 0}
    - target: {fileID: 472990, guid: 6a51bb09e4e4a7c40b22f933a921ba74, type: 3}
      propertyPath: m_LocalEulerAnglesHint.z
      value: 0
      objectReference: {fileID: 0}
    m_RemovedComponents: []
  m_SourcePrefab: {fileID: 100100000, guid: 6a51bb09e4e4a7c40b22f933a921ba74, type: 3}
--- !u!4 &4987725846946253135 stripped
Transform:
  m_CorrespondingSourceObject: {fileID: 472990, guid: 6a51bb09e4e4a7c40b22f933a921ba74, type: 3}
  m_PrefabInstance: {fileID: 4987725846946201297}
  m_PrefabAsset: {fileID: 0}
--- !u!1001 &4987725847091438407
PrefabInstance:
  m_ObjectHideFlags: 0
  serializedVersion: 2
  m_Modification:
    m_TransformParent: {fileID: 4987725845947032861}
    m_Modifications:
    - target: {fileID: 1198747926312209471, guid: 00c177b7c99e32047b1daff8ee18d33b, type: 3}
      propertyPath: m_RootOrder
      value: 5
      objectReference: {fileID: 0}
    - target: {fileID: 1198747926312209471, guid: 00c177b7c99e32047b1daff8ee18d33b, type: 3}
      propertyPath: m_LocalPosition.x
      value: -1.0200005
      objectReference: {fileID: 0}
    - target: {fileID: 1198747926312209471, guid: 00c177b7c99e32047b1daff8ee18d33b, type: 3}
      propertyPath: m_LocalPosition.y
      value: 0
      objectReference: {fileID: 0}
    - target: {fileID: 1198747926312209471, guid: 00c177b7c99e32047b1daff8ee18d33b, type: 3}
      propertyPath: m_LocalPosition.z
      value: 1.7000008
      objectReference: {fileID: 0}
    - target: {fileID: 1198747926312209471, guid: 00c177b7c99e32047b1daff8ee18d33b, type: 3}
      propertyPath: m_LocalRotation.w
      value: 0.70710695
      objectReference: {fileID: 0}
    - target: {fileID: 1198747926312209471, guid: 00c177b7c99e32047b1daff8ee18d33b, type: 3}
      propertyPath: m_LocalRotation.x
      value: 0.000000015454313
      objectReference: {fileID: 0}
    - target: {fileID: 1198747926312209471, guid: 00c177b7c99e32047b1daff8ee18d33b, type: 3}
      propertyPath: m_LocalRotation.y
      value: 0.70710665
      objectReference: {fileID: 0}
    - target: {fileID: 1198747926312209471, guid: 00c177b7c99e32047b1daff8ee18d33b, type: 3}
      propertyPath: m_LocalRotation.z
      value: -0.000000015454306
      objectReference: {fileID: 0}
    - target: {fileID: 1198747926312209471, guid: 00c177b7c99e32047b1daff8ee18d33b, type: 3}
      propertyPath: m_LocalEulerAnglesHint.x
      value: 0
      objectReference: {fileID: 0}
    - target: {fileID: 1198747926312209471, guid: 00c177b7c99e32047b1daff8ee18d33b, type: 3}
      propertyPath: m_LocalEulerAnglesHint.y
      value: 90.00001
      objectReference: {fileID: 0}
    - target: {fileID: 1198747926312209471, guid: 00c177b7c99e32047b1daff8ee18d33b, type: 3}
      propertyPath: m_LocalEulerAnglesHint.z
      value: 0
      objectReference: {fileID: 0}
    - target: {fileID: 1198747926312308767, guid: 00c177b7c99e32047b1daff8ee18d33b, type: 3}
      propertyPath: m_Name
      value: metalShelf01_C
      objectReference: {fileID: 0}
    - target: {fileID: 1198747926312308767, guid: 00c177b7c99e32047b1daff8ee18d33b, type: 3}
      propertyPath: m_StaticEditorFlags
      value: 2147483647
      objectReference: {fileID: 0}
    m_RemovedComponents: []
  m_SourcePrefab: {fileID: 100100000, guid: 00c177b7c99e32047b1daff8ee18d33b, type: 3}
--- !u!4 &6166897765587103608 stripped
Transform:
  m_CorrespondingSourceObject: {fileID: 1198747926312209471, guid: 00c177b7c99e32047b1daff8ee18d33b, type: 3}
  m_PrefabInstance: {fileID: 4987725847091438407}
  m_PrefabAsset: {fileID: 0}
--- !u!1001 &4987725847095816305
PrefabInstance:
  m_ObjectHideFlags: 0
  serializedVersion: 2
  m_Modification:
    m_TransformParent: {fileID: 4987725845947032861}
    m_Modifications:
    - target: {fileID: 122622, guid: 934c4360184efa34d9323599aed91a85, type: 3}
      propertyPath: m_Name
      value: trashCan01
      objectReference: {fileID: 0}
    - target: {fileID: 122622, guid: 934c4360184efa34d9323599aed91a85, type: 3}
      propertyPath: m_StaticEditorFlags
      value: 2147483647
      objectReference: {fileID: 0}
    - target: {fileID: 195932, guid: 934c4360184efa34d9323599aed91a85, type: 3}
      propertyPath: m_StaticEditorFlags
      value: 2147483647
      objectReference: {fileID: 0}
    - target: {fileID: 439352, guid: 934c4360184efa34d9323599aed91a85, type: 3}
      propertyPath: m_RootOrder
      value: 17
      objectReference: {fileID: 0}
    - target: {fileID: 439352, guid: 934c4360184efa34d9323599aed91a85, type: 3}
      propertyPath: m_LocalPosition.x
      value: 2.7150002
      objectReference: {fileID: 0}
    - target: {fileID: 439352, guid: 934c4360184efa34d9323599aed91a85, type: 3}
      propertyPath: m_LocalPosition.y
      value: 0
      objectReference: {fileID: 0}
    - target: {fileID: 439352, guid: 934c4360184efa34d9323599aed91a85, type: 3}
      propertyPath: m_LocalPosition.z
      value: 2.223999
      objectReference: {fileID: 0}
    - target: {fileID: 439352, guid: 934c4360184efa34d9323599aed91a85, type: 3}
      propertyPath: m_LocalRotation.w
      value: 0.9170187
      objectReference: {fileID: 0}
    - target: {fileID: 439352, guid: 934c4360184efa34d9323599aed91a85, type: 3}
      propertyPath: m_LocalRotation.x
      value: 0.00000002004208
      objectReference: {fileID: 0}
    - target: {fileID: 439352, guid: 934c4360184efa34d9323599aed91a85, type: 3}
      propertyPath: m_LocalRotation.y
      value: -0.39884433
      objectReference: {fileID: 0}
    - target: {fileID: 439352, guid: 934c4360184efa34d9323599aed91a85, type: 3}
      propertyPath: m_LocalRotation.z
      value: -0.000000008717019
      objectReference: {fileID: 0}
    - target: {fileID: 439352, guid: 934c4360184efa34d9323599aed91a85, type: 3}
      propertyPath: m_LocalEulerAnglesHint.x
      value: 0
      objectReference: {fileID: 0}
    - target: {fileID: 439352, guid: 934c4360184efa34d9323599aed91a85, type: 3}
      propertyPath: m_LocalEulerAnglesHint.y
      value: -47.012
      objectReference: {fileID: 0}
    - target: {fileID: 439352, guid: 934c4360184efa34d9323599aed91a85, type: 3}
      propertyPath: m_LocalEulerAnglesHint.z
      value: 0
      objectReference: {fileID: 0}
    m_RemovedComponents: []
  m_SourcePrefab: {fileID: 100100000, guid: 934c4360184efa34d9323599aed91a85, type: 3}
--- !u!4 &4987725847095444553 stripped
Transform:
  m_CorrespondingSourceObject: {fileID: 439352, guid: 934c4360184efa34d9323599aed91a85, type: 3}
  m_PrefabInstance: {fileID: 4987725847095816305}
  m_PrefabAsset: {fileID: 0}
--- !u!1001 &4987725847192239102
PrefabInstance:
  m_ObjectHideFlags: 0
  serializedVersion: 2
  m_Modification:
    m_TransformParent: {fileID: 4987725845947032861}
    m_Modifications:
    - target: {fileID: 126646, guid: b7651918446ae4540a2eeeeefe76db06, type: 3}
      propertyPath: m_Name
      value: ivy_vertical06 (1)
      objectReference: {fileID: 0}
    - target: {fileID: 442068, guid: b7651918446ae4540a2eeeeefe76db06, type: 3}
      propertyPath: m_RootOrder
      value: 16
      objectReference: {fileID: 0}
    - target: {fileID: 442068, guid: b7651918446ae4540a2eeeeefe76db06, type: 3}
      propertyPath: m_LocalPosition.x
      value: 0.2819996
      objectReference: {fileID: 0}
    - target: {fileID: 442068, guid: b7651918446ae4540a2eeeeefe76db06, type: 3}
      propertyPath: m_LocalPosition.y
      value: 2.8236332
      objectReference: {fileID: 0}
    - target: {fileID: 442068, guid: b7651918446ae4540a2eeeeefe76db06, type: 3}
      propertyPath: m_LocalPosition.z
      value: -2.0639992
      objectReference: {fileID: 0}
    - target: {fileID: 442068, guid: b7651918446ae4540a2eeeeefe76db06, type: 3}
      propertyPath: m_LocalRotation.w
      value: 0.70710695
      objectReference: {fileID: 0}
    - target: {fileID: 442068, guid: b7651918446ae4540a2eeeeefe76db06, type: 3}
      propertyPath: m_LocalRotation.x
      value: 0.000000015454313
      objectReference: {fileID: 0}
    - target: {fileID: 442068, guid: b7651918446ae4540a2eeeeefe76db06, type: 3}
      propertyPath: m_LocalRotation.y
      value: 0.70710665
      objectReference: {fileID: 0}
    - target: {fileID: 442068, guid: b7651918446ae4540a2eeeeefe76db06, type: 3}
      propertyPath: m_LocalRotation.z
      value: -0.000000015454306
      objectReference: {fileID: 0}
    - target: {fileID: 442068, guid: b7651918446ae4540a2eeeeefe76db06, type: 3}
      propertyPath: m_LocalEulerAnglesHint.x
      value: 0
      objectReference: {fileID: 0}
    - target: {fileID: 442068, guid: b7651918446ae4540a2eeeeefe76db06, type: 3}
      propertyPath: m_LocalEulerAnglesHint.y
      value: 90.00001
      objectReference: {fileID: 0}
    - target: {fileID: 442068, guid: b7651918446ae4540a2eeeeefe76db06, type: 3}
      propertyPath: m_LocalEulerAnglesHint.z
      value: 0
      objectReference: {fileID: 0}
    m_RemovedComponents: []
  m_SourcePrefab: {fileID: 100100000, guid: b7651918446ae4540a2eeeeefe76db06, type: 3}
--- !u!4 &4987725847192126762 stripped
Transform:
  m_CorrespondingSourceObject: {fileID: 442068, guid: b7651918446ae4540a2eeeeefe76db06, type: 3}
  m_PrefabInstance: {fileID: 4987725847192239102}
  m_PrefabAsset: {fileID: 0}
--- !u!1001 &4987725847200555726
PrefabInstance:
  m_ObjectHideFlags: 0
  serializedVersion: 2
  m_Modification:
    m_TransformParent: {fileID: 4987725845947032861}
    m_Modifications:
    - target: {fileID: 165340, guid: 4570cc5e8f161c84dbd8d398210ccb99, type: 3}
      propertyPath: m_Name
      value: tree_birch02_B
      objectReference: {fileID: 0}
    - target: {fileID: 421356, guid: 4570cc5e8f161c84dbd8d398210ccb99, type: 3}
      propertyPath: m_RootOrder
      value: 1
      objectReference: {fileID: 0}
    - target: {fileID: 421356, guid: 4570cc5e8f161c84dbd8d398210ccb99, type: 3}
      propertyPath: m_LocalPosition.x
      value: -2.3799992
      objectReference: {fileID: 0}
    - target: {fileID: 421356, guid: 4570cc5e8f161c84dbd8d398210ccb99, type: 3}
      propertyPath: m_LocalPosition.y
      value: 0
      objectReference: {fileID: 0}
    - target: {fileID: 421356, guid: 4570cc5e8f161c84dbd8d398210ccb99, type: 3}
      propertyPath: m_LocalPosition.z
      value: -2.380001
      objectReference: {fileID: 0}
    - target: {fileID: 421356, guid: 4570cc5e8f161c84dbd8d398210ccb99, type: 3}
      propertyPath: m_LocalRotation.w
      value: -0.37709314
      objectReference: {fileID: 0}
    - target: {fileID: 421356, guid: 4570cc5e8f161c84dbd8d398210ccb99, type: 3}
      propertyPath: m_LocalRotation.x
      value: -0
      objectReference: {fileID: 0}
    - target: {fileID: 421356, guid: 4570cc5e8f161c84dbd8d398210ccb99, type: 3}
      propertyPath: m_LocalRotation.y
      value: -0.92617536
      objectReference: {fileID: 0}
    - target: {fileID: 421356, guid: 4570cc5e8f161c84dbd8d398210ccb99, type: 3}
      propertyPath: m_LocalRotation.z
      value: -0
      objectReference: {fileID: 0}
    - target: {fileID: 421356, guid: 4570cc5e8f161c84dbd8d398210ccb99, type: 3}
      propertyPath: m_LocalEulerAnglesHint.x
      value: 0
      objectReference: {fileID: 0}
    - target: {fileID: 421356, guid: 4570cc5e8f161c84dbd8d398210ccb99, type: 3}
      propertyPath: m_LocalEulerAnglesHint.y
      value: -224.30699
      objectReference: {fileID: 0}
    - target: {fileID: 421356, guid: 4570cc5e8f161c84dbd8d398210ccb99, type: 3}
      propertyPath: m_LocalEulerAnglesHint.z
      value: 0
      objectReference: {fileID: 0}
    m_RemovedComponents: []
  m_SourcePrefab: {fileID: 100100000, guid: 4570cc5e8f161c84dbd8d398210ccb99, type: 3}
--- !u!4 &4987725847200403234 stripped
Transform:
  m_CorrespondingSourceObject: {fileID: 421356, guid: 4570cc5e8f161c84dbd8d398210ccb99, type: 3}
  m_PrefabInstance: {fileID: 4987725847200555726}
  m_PrefabAsset: {fileID: 0}
--- !u!1001 &4987725847249189953
PrefabInstance:
  m_ObjectHideFlags: 0
  serializedVersion: 2
  m_Modification:
    m_TransformParent: {fileID: 4987725845947032861}
    m_Modifications:
    - target: {fileID: 178502, guid: c6d04e7fbcf722048aa0c941ea4de5a4, type: 3}
      propertyPath: m_Name
      value: ivy_pole
      objectReference: {fileID: 0}
    - target: {fileID: 405574, guid: c6d04e7fbcf722048aa0c941ea4de5a4, type: 3}
      propertyPath: m_RootOrder
      value: 3
      objectReference: {fileID: 0}
    - target: {fileID: 405574, guid: c6d04e7fbcf722048aa0c941ea4de5a4, type: 3}
      propertyPath: m_LocalScale.x
      value: 0.7474945
      objectReference: {fileID: 0}
    - target: {fileID: 405574, guid: c6d04e7fbcf722048aa0c941ea4de5a4, type: 3}
      propertyPath: m_LocalScale.y
      value: 0.7474945
      objectReference: {fileID: 0}
    - target: {fileID: 405574, guid: c6d04e7fbcf722048aa0c941ea4de5a4, type: 3}
      propertyPath: m_LocalScale.z
      value: 0.7474945
      objectReference: {fileID: 0}
    - target: {fileID: 405574, guid: c6d04e7fbcf722048aa0c941ea4de5a4, type: 3}
      propertyPath: m_LocalPosition.x
      value: 2.3409996
      objectReference: {fileID: 0}
    - target: {fileID: 405574, guid: c6d04e7fbcf722048aa0c941ea4de5a4, type: 3}
      propertyPath: m_LocalPosition.y
      value: 1.1926332
      objectReference: {fileID: 0}
    - target: {fileID: 405574, guid: c6d04e7fbcf722048aa0c941ea4de5a4, type: 3}
      propertyPath: m_LocalPosition.z
      value: -2.100998
      objectReference: {fileID: 0}
    - target: {fileID: 405574, guid: c6d04e7fbcf722048aa0c941ea4de5a4, type: 3}
      propertyPath: m_LocalRotation.w
      value: 1
      objectReference: {fileID: 0}
    - target: {fileID: 405574, guid: c6d04e7fbcf722048aa0c941ea4de5a4, type: 3}
      propertyPath: m_LocalRotation.x
      value: 0.000000021855694
      objectReference: {fileID: 0}
    - target: {fileID: 405574, guid: c6d04e7fbcf722048aa0c941ea4de5a4, type: 3}
      propertyPath: m_LocalRotation.y
      value: -0
      objectReference: {fileID: 0}
    - target: {fileID: 405574, guid: c6d04e7fbcf722048aa0c941ea4de5a4, type: 3}
      propertyPath: m_LocalRotation.z
      value: -0
      objectReference: {fileID: 0}
    - target: {fileID: 405574, guid: c6d04e7fbcf722048aa0c941ea4de5a4, type: 3}
      propertyPath: m_LocalEulerAnglesHint.x
      value: 0
      objectReference: {fileID: 0}
    - target: {fileID: 405574, guid: c6d04e7fbcf722048aa0c941ea4de5a4, type: 3}
      propertyPath: m_LocalEulerAnglesHint.y
      value: 0
      objectReference: {fileID: 0}
    - target: {fileID: 405574, guid: c6d04e7fbcf722048aa0c941ea4de5a4, type: 3}
      propertyPath: m_LocalEulerAnglesHint.z
      value: 0
      objectReference: {fileID: 0}
    m_RemovedComponents: []
  m_SourcePrefab: {fileID: 100100000, guid: c6d04e7fbcf722048aa0c941ea4de5a4, type: 3}
--- !u!4 &4987725847249308679 stripped
Transform:
  m_CorrespondingSourceObject: {fileID: 405574, guid: c6d04e7fbcf722048aa0c941ea4de5a4, type: 3}
  m_PrefabInstance: {fileID: 4987725847249189953}
  m_PrefabAsset: {fileID: 0}
--- !u!1001 &4987725847340451631
PrefabInstance:
  m_ObjectHideFlags: 0
  serializedVersion: 2
  m_Modification:
    m_TransformParent: {fileID: 4987725845947032861}
    m_Modifications:
    - target: {fileID: 149138, guid: 6a51bb09e4e4a7c40b22f933a921ba74, type: 3}
      propertyPath: m_Name
      value: barricade_sandbags (1)
      objectReference: {fileID: 0}
    - target: {fileID: 149138, guid: 6a51bb09e4e4a7c40b22f933a921ba74, type: 3}
      propertyPath: m_StaticEditorFlags
      value: 2147483647
      objectReference: {fileID: 0}
    - target: {fileID: 472990, guid: 6a51bb09e4e4a7c40b22f933a921ba74, type: 3}
      propertyPath: m_RootOrder
      value: 14
      objectReference: {fileID: 0}
    - target: {fileID: 472990, guid: 6a51bb09e4e4a7c40b22f933a921ba74, type: 3}
      propertyPath: m_LocalPosition.x
      value: -1.9090004
      objectReference: {fileID: 0}
    - target: {fileID: 472990, guid: 6a51bb09e4e4a7c40b22f933a921ba74, type: 3}
      propertyPath: m_LocalPosition.y
      value: 0
      objectReference: {fileID: 0}
    - target: {fileID: 472990, guid: 6a51bb09e4e4a7c40b22f933a921ba74, type: 3}
      propertyPath: m_LocalPosition.z
      value: -1.0139999
      objectReference: {fileID: 0}
    - target: {fileID: 472990, guid: 6a51bb09e4e4a7c40b22f933a921ba74, type: 3}
      propertyPath: m_LocalRotation.w
      value: 0.70710695
      objectReference: {fileID: 0}
    - target: {fileID: 472990, guid: 6a51bb09e4e4a7c40b22f933a921ba74, type: 3}
      propertyPath: m_LocalRotation.x
      value: -0
      objectReference: {fileID: 0}
    - target: {fileID: 472990, guid: 6a51bb09e4e4a7c40b22f933a921ba74, type: 3}
      propertyPath: m_LocalRotation.y
      value: 0.70710665
      objectReference: {fileID: 0}
    - target: {fileID: 472990, guid: 6a51bb09e4e4a7c40b22f933a921ba74, type: 3}
      propertyPath: m_LocalRotation.z
      value: -0
      objectReference: {fileID: 0}
    - target: {fileID: 472990, guid: 6a51bb09e4e4a7c40b22f933a921ba74, type: 3}
      propertyPath: m_LocalEulerAnglesHint.x
      value: 0
      objectReference: {fileID: 0}
    - target: {fileID: 472990, guid: 6a51bb09e4e4a7c40b22f933a921ba74, type: 3}
      propertyPath: m_LocalEulerAnglesHint.y
      value: 90.00001
      objectReference: {fileID: 0}
    - target: {fileID: 472990, guid: 6a51bb09e4e4a7c40b22f933a921ba74, type: 3}
      propertyPath: m_LocalEulerAnglesHint.z
      value: 0
      objectReference: {fileID: 0}
    m_RemovedComponents: []
  m_SourcePrefab: {fileID: 100100000, guid: 6a51bb09e4e4a7c40b22f933a921ba74, type: 3}
--- !u!4 &4987725847340527793 stripped
Transform:
  m_CorrespondingSourceObject: {fileID: 472990, guid: 6a51bb09e4e4a7c40b22f933a921ba74, type: 3}
  m_PrefabInstance: {fileID: 4987725847340451631}
  m_PrefabAsset: {fileID: 0}
